 Dungeon Crawl Stone Soup version 0.17.1-2-g5865329 (webtiles) character file.

155 JustSomeDude the Ducker (level 5, 0/41 HPs)
             Began as a Demonspawn Gladiator on Jan 21, 2016.
             Slain by an orc (3 damage)
             ... on level 3 of the Dungeon.
             The game lasted 00:03:21 (1618 turns).

JustSomeDude the Ducker (Demonspawn Gladiator)      Turns: 1618, Time: 00:03:22

Health: 0/41       AC: 10    Str: 17    XL:     5   Next: 14%
Magic:  5/5        EV: 11    Int:  9    God:
Gold:   102        SH:  0    Dex: 13    Spells: 0 memorised, 4 levels left

rFire  + . .     SeeInvis .     a - +0 trident
rCold  . . .     Clarity  .     q - +2 scale mail {rF+}
rNeg   . . .     SustAt   .     (no shield)
rPois  .         Gourm    .     c - +0 helmet
rElec  .         Spirit   .     l - +0 cloak
rCorr  .         Warding  .     (no gloves)
rMut   .         Stasis   .     (no boots)
MR     .....                    (no amulet)
Stlth  ..........               (no ring)
                                (no ring)

@: not resistant to hostile enchantments, extremely unstealthy
A: hooves 1, powered by death 1
a: no special abilities


You were on level 3 of the Dungeon.
You were near starving.

You visited 1 branch of the dungeon, and saw 3 of its levels.

You collected 102 gold pieces.

Inventory:

Hand Weapons
 a - a +0 trident (weapon)
Missiles
 d - 3 throwing nets (quivered)
Armour
 c - a +0 helmet (worn)
 l - a +0 cloak (worn)
 q - a +2 scale mail of fire resistance (worn)
Jewellery
 r - a cursed ring of loudness {unknown}
 t - a cursed ring of loudness {unknown}
Scrolls
 f - a scroll of enchant weapon {unknown}
 g - a scroll of teleportation {unknown}
 h - a scroll of blinking {unknown}
 i - a scroll of enchant armour {unknown}
 j - a scroll of remove curse {unknown}
 k - a scroll of noise {unknown}
 o - a scroll of amnesia {unknown}
 p - a scroll of fog {unknown}
Potions
 b - 2 potions of cancellation {unknown}
 m - a potion of resistance {unknown}
 s - a potion of lignification {unknown}
 u - a potion of brilliance {unknown}
Comestibles
 e - 3 bread rations
 n - 2 meat rations


   Skills:
 + Level 3.0 Fighting
 + Level 3.7 Polearms
 + Level 1.7 Throwing
 + Level 0.5 Armour
 + Level 3.9 Dodging
 + Level 0.6 Stealth


You had 4 spell levels left.
You didn't know any spells.

Dungeon Overview and Level Annotations

Branches:
Dungeon (3/15)

Altars:
Fedhas
Sif Muna
Xom
The Shining One


Innate Abilities, Weirdness & Mutations

You have large cloven feet.
You regenerate a little health from kills.


Message History

You barely miss the orc.
The orc is almost dead.
The orc hits you but does no damage. The orc hits you with a hand axe.
The orc hits you. The orc hits you but does no damage.
You barely miss the orc. You kick the orc, but do no damage.
The orc is almost dead.
The orc hits you with a dagger. The orc hits you with a hand axe.
The orc closely misses you. The orc hits you with a war axe.
* * * LOW HITPOINT WARNING * * *
You are too injured to fight recklessly!
You are too injured to fight recklessly!
You are too injured to fight recklessly!
You are too injured to fight recklessly!
You are too injured to fight recklessly!
You barely miss the orc. Your kick misses the orc.
The orc is almost dead.
The orc hits you with a dagger.
* * * LOW HITPOINT WARNING * * *
The orc hits you but does no damage. The orc hits you.
You die...

# ... # .. # . ## .#
#### .# .# #####.... .##
.##. .......# ..# .##.#
#o.....# #.##.##.#
#oo....#
#..#.##.####+###@o$...#
##.#.##.#......#(o....#
##......+......#......##
###.###.#..............#
....)...'........(.....#
####'##.#....†.........#
........###'##†.........
........# #.##..........
........# #.##..........


You could see 5 orcs.

Vanquished Creatures
  Ijyb (D:2)
  Terence (D:2)
  Robin (D:2)
  An adder (D:2)
  An ooze (D:2)
  A worm (D:2)
  4 giant geckos
  2 ball pythons
  5 giant cockroaches
  8 hobgoblins
  A jackal (D:2)
  12 kobolds
  A quokka (D:2)
  5 bats
  3 giant newts
  15 goblins
  7 rats
69 creatures vanquished.

Notes
Turn   | Place    | Note
--------------------------------------------------------------
     0 | D:1      | JustSomeDude the Demonspawn Gladiator began the quest for the Orb.
     0 | D:1      | Reached XP level 1. HP: 16/16 MP: 1/1
   168 | D:1      | Gained mutation: You regenerate a little health from kills. [demonic ancestry]
   168 | D:1      | Reached XP level 2. HP: 22/22 MP: 2/2
   173 | D:1      | Reached skill level 3 in Polearms
   595 | D:2      | Gained mutation: You have large cloven feet. [demonic ancestry]
   595 | D:2      | Reached XP level 3. HP: 27/27 MP: 3/3
   619 | D:2      | Found a shimmering altar of Xom.
   791 | D:2      | Found a blossoming altar of Fedhas.
   800 | D:2      | Noticed Ijyb
   814 | D:2      | Killed Ijyb
   814 | D:2      | Reached XP level 4. HP: 34/34 MP: 4/4
   864 | D:2      | Noticed Terence
   865 | D:2      | Noticed Robin
   924 | D:2      | Killed Terence
   937 | D:2      | Killed Robin
  1051 | D:2      | Found a deep blue altar of Sif Muna.
  1079 | D:2      | Reached XP level 5. HP: 41/41 MP: 5/5
  1209 | D:2      | Found a glowing golden altar of the Shining One.
  1618 | D:3      | Slain by an orc

Action                   |  1- 3 |  4- 6 || total
-------------------------+-------+-------++-------
Melee: Trident           |   108 |   163 ||   271
 Stab: Sleeping          |     1 |       ||     1
  Eat: Chunk             |       |     1 ||     1
